 Dungeon Crawl Stone Soup version 0.28-a0-1356-g2ad6d04315 (webtiles) character file.

Game seed: 5449520768706460166

70 SensoryNuts the Shield-Bearer (level 4, -2/43 HPs)
             Began as a Gargoyle Fighter on Dec 30, 2021.
             Killed from afar by Sigmund (5 damage)
             ... with a magic dart
             ... on level 2 of the Dungeon.
             The game lasted 00:01:46 (2141 turns).

SensoryNuts the Shield-Bearer (Gargoyle Fighter)    Turns: 2141, Time: 00:01:46

Health: -2/43      AC: 22    Str: 21    XL:     4   Next: 21%
Magic:  4/4        EV:  2    Int:  9    God:
Gold:   51         SH:  4    Dex:  9    Spells: 3/3 levels left

rFire   . . .      SeeInvis .   f - +0 mace
rCold   . . .      Faith    .   c - +0 buckler
rNeg    + . .      Spirit   .   (armour currently unavailable)
rPois   ∞          Reflect  .   (helmet currently unavailable)
rElec   .          Harm     .   (cloak currently unavailable)
rCorr   .          Rampage  .   (gloves currently unavailable)
Will    .....      NoTele   +   (boots currently unavailable)
Stlth   +.........              (no amulet)
HPRegen 0.14/turn               g - ring of flight
MPRegen 0.09/turn               (no ring)

@: tree-form
A: stationary, stasis, torment immunity, boosted hp, sickness immunity, AC +3,
negative energy resistance 1, (electricity resistance), torment resistance 1,
petrification resistance, (talons 1), MP-powered wands
a: no special abilities


You were on level 2 of the Dungeon.
You were a tree.
You visited 1 branch of the dungeon, and saw 2 of its levels.

You collected 51 gold pieces.

Inventory:

Hand Weapons
 a - a +0 flail
 f - a +0 mace (weapon)
Armour
 b - a +0 scale mail (melded)
 c - a +0 buckler (worn)
Jewellery
 g - a ring of flight (left branch)
Scrolls
 h - 2 scrolls of blinking {unknown}
 i - a scroll of vulnerability {unknown}
Potions
 d - a potion of invisibility {unknown}


   Skills:
 + Level 3.7 Fighting
 * Level 3.0 Maces & Flails
 + Level 3.7 Armour
 + Level 0.5 Dodging
 + Level 0.2 Stealth
 + Level 3.8 Shields


You had 3 spell levels left.
You didn't know any spells.
Your spell library was empty.

Dungeon Overview and Level Annotations

Branches:
Dungeon (2/15)

Altars:
Sif Muna

Shops:
D:2 =

Annotations:
D:2 Sigmund


Innate Abilities, Weirdness & Mutations

You are a tree.
Your roots penetrate the ground, keeping you stationary.
You cannot be teleported.
You are immune to unholy pain and torment.
Your maximum health is greatly increased.
Your equipment is partially melded.
You are immune to sickness and miasma.
((Your stone body is resilient. (AC +3)))
You are immune to poison.
You resist negative energy. (rN+)
((You are resistant to electric shocks. (rElec)))
You are resistant to unholy torment.
You are immune to petrification.
((You have sharp toenails.))
You expend magic power (3 MP) to strengthen your wands.


Message History

You hit Sigmund. Your kick misses Sigmund.
Sigmund is moderately wounded.
Sigmund closely misses you.
You barely miss Sigmund.
Sigmund is moderately wounded.
Sigmund hits you with a +0 scythe!
You are too injured to fight recklessly!
You are too injured to fight recklessly!
You are too injured to fight recklessly!
Okay, then.
You are too injured to fight recklessly!
Really quaff the potion of lignification?
You turn into a tree.
Your +0 scale mail melds into your body.
Your roots penetrate the ground.
You closely miss Sigmund.
Sigmund is moderately wounded.
Sigmund hits you but does no damage.
You closely miss Sigmund.
Sigmund is moderately wounded.
Sigmund hits you but does no damage.
You hit Sigmund but do no damage.
Sigmund is moderately wounded.
Sigmund screams, "I am the angel of ZOT!!!"
Sigmund points at you and mumbles some strange words.
The magic dart hits you.
You barely miss Sigmund.
Sigmund is moderately wounded.
Sigmund screams, "Don't try to resist!"
Sigmund hits you with a +0 scythe!
* * * LOW HITPOINT WARNING * * *
You hit Sigmund.
Sigmund is heavily wounded.
Sigmund hits you with a +0 scythe.
* * * LOW HITPOINT WARNING * * *
You closely miss Sigmund.
Sigmund is heavily wounded.
Sigmund gestures at you while chanting. The magic dart hits you.
You die...

........#
####.########.#
#.............#
#.#########.#.####
#.# ####.....#..
###.#####...........
#.#.#.....##.._....#
#.@#.######.....#.#
##♣#.# #.....#.#
#..#.#########.##.#
#.#......>.†....##.#
#.##########..#.##.#
#. #..#.##.# #.
#..#.##.# #.
#..#.#.(.
#.##########..#.#..#
#..................#


You could see Sigmund.

Vanquished Creatures
  An adder (D:2)
  A worm (D:2)
  3 ball pythons
  10 endoplasms
  2 giant cockroaches
  4 goblins (D:1)
  5 hobgoblins
  6 jackals
  3 quokkas
  4 bats (D:1)
  3 frilled lizards
  4 kobolds
  2 rats (D:1)
48 creatures vanquished.

Notes
Turn   | Place    | Note
-------+----------+-------------------------------------------
     0 | D:1      | SensoryNuts the Gargoyle Fighter began the quest for the
                  | Orb.
     0 | D:1      | Reached XP level 1. HP: 14/14 MP: 1/1
    93 | D:1      | Reached XP level 2. HP: 2/19 MP: 2/2
   716 | D:1      | Reached XP level 3. HP: 16/23 MP: 3/3
  1472 | D:1      | Gained mutation: You expend magic power (3 MP) to
                  | strengthen your wands. [potion of mutation]
  1472 | D:1      | Gained mutation: You have sharp toenails. [potion of
                  | mutation]
  1801 | D:2      | Found Miuwag's Jewellery Shop.
  1858 | D:2      | Reached XP level 4. HP: 24/29 MP: 4/4
  2099 | D:2      | Found a shimmering blue altar of Sif Muna.
  2129 | D:2      | Noticed Sigmund
  2141 | D:2      | Killed from afar by Sigmund

Illustrated notes

Levels and vault maps discovered:
D:1:      nicolae_arrival_somewhat_less_tricky_arrival, layout_loops_cross
D:2:      layout_loops_ring, serial_shops, shop, basic_altar, uniq_sigmund

Skill      XL: |  1  2  3  4 |
---------------+-------------+-----
Maces & Flails | 3 |  3.0
Fighting       | |  3.7
Armour         | |  3.7
Dodging        | |  0.5
Stealth        | |  0.2
Shields        | |  3.8

Action                   |  1- 3 |  4- 6 || total
-------------------------+-------+-------++-------
Melee: Flail             |   112 |       ||   112
       Mace              |    18 |    17 ||    35
       Kick              |     6 |       ||     6
  Use: Potion            |     2 |     1 ||     3
       Scroll            |     2 |       ||     2
Armor: Scale mail        |    93 |     2 ||    95
       Skin              |       |     2 ||     2
Dodge: Dodged            |    83 |     4 ||    87
Block: Buckler           |    40 |     3 ||    43

Table legend: (Time is in decaauts)
 A = Elapsed time spent in this place.
 B = Non-inter-level travel time spent in this place.
 C = Inter-level travel time spent in this place.
 D = Time resting spent in this place.
 E = Time spent auto-exploring this place.
 F = Levels seen in this place.
 G = Mean time per level.
                   A        B        C        D        E       F      G
               +--------+--------+--------+--------+--------+-----+--------+
         Total |   2182 |   2150 |     32 |      0 |   1795 |   2 | 1091.0 |
       Dungeon |   2182 |   2150 |     32 |      0 |   1795 |   2 | 1091.0 |
               +--------+--------+--------+--------+--------+-----+--------+

Top non-repeatable levels by time:
     D:1: 1534 daAuts
     D:2: 647 daAuts
